 Dungeon Crawl Stone Soup version 0.22-a0-300-g82e80c5 (webtiles) character file.

3045 b5mith the Fighter (level 9, -4/123 HPs)
             Began as a Minotaur Berserker on Mar 25, 2018.
             Was a High Priest of Trog.
             Killed by divine providence
             ... invoked by an orc priest
              (9 damage)
             ... on level 9 of the Dungeon.
             The game lasted 00:17:09 (5620 turns).

b5mith the Fighter (Minotaur Berserker)             Turns: 5620, Time: 00:17:10

Health: -4/123     AC: 11    Str: 30    XL:     9   Next: 56%
Magic:  8/8        EV: 14    Int:  4    God:    Trog [*****.]
Gold:   524        SH:  0    Dex: 10    Spells: 8/8 levels left

rFire    + . .     SeeInvis .   a - +4 scythe (pain)
rCold    x . .     Gourm    .   (shield currently unavailable)
rNeg     . . .     Faith    .   D - +0 ring mail
rPois    .         Spirit   .   (helmet restricted)
rElec    .         Reflect  .   z - +2 cloak
rCorr    .         Harm     .   (no gloves)
MR       .....                  p - +0 pair of boots
Stlth    ..........             y - amulet of rage
HPRegen  0.30/turn              k - +2 ring of slaying
MPRegen  0.11/turn              E - ring of fire

@: berserking (expiring), very quick
A: retaliatory headbutt, horns 2
a: Berserk, Trog's Hand, Brothers in Arms, Renounce Religion, Evoke Berserk Rage


You were on level 9 of the Dungeon.
You worshipped Trog.
Trog was extremely pleased with you.
You were very hungry.

You visited 1 branch of the dungeon, and saw 9 of its levels.
You also visited: Sewer.

You collected 524 gold pieces.

Inventory:

Hand Weapons
 a - a +4 scythe of pain (weapon)
 b - a +0 hunting sling
 n - a +0 falchion
Missiles
 e - 6 tomahawks (quivered)
 f - 190 stones
 L - 16 sling bullets
Armour
 i - a +0 scale mail
 j - a +0 animal skin
 p - a +0 pair of boots (worn)
 z - a +2 cloak (worn)
 D - a +0 ring mail (worn)
Jewellery
 k - a +2 ring of slaying (left hand)
 w - an uncursed ring of resist corrosion
 y - an amulet of rage (around neck)
 E - a ring of fire (right hand)
 J - an uncursed amulet of the acrobat {unknown}
 N - an uncursed ring of magical power {unknown}
Wands
 v - a wand of random effects (64)
 x - a wand of scattershot (4)
 B - a wand of iceblast (8)
 H - a wand of acid (6)
Scrolls
 d - a scroll of blinking {unknown}
 h - 2 scrolls of magic mapping
 l - a scroll of teleportation {unknown}
 r - 4 scrolls of remove curse {@r2}
 s - 3 scrolls of enchant weapon
 A - a scroll of fear
 G - a scroll of amnesia {unknown}
 I - a scroll of fog {unknown}
 M - a scroll of enchant armour {unknown}
Potions
 g - 2 potions of resistance
 m - a potion of brilliance {unknown}
 o - a potion of curing {unknown}
 q - 2 potions of ambrosia {unknown}
 t - a potion of haste {unknown}
 u - a potion of magic {unknown}
 C - 2 potions of cancellation
 F - a potion of heal wounds {unknown}
Comestibles
 c - 17 rations
 K - 6 chunks of flesh


   Skills:
 + Level 8.5 Fighting
 - Level 4.7 Long Blades
 + Level 6.8 Polearms
 - Level 4.0 Slings
 + Level 8.1 Armour
 + Level 7.3 Dodging


You had 8 spell levels left.
You didn't know any spells.

Dungeon Overview and Level Annotations

Branches:
Dungeon (9/15)             Temple (0/1) D:4
   Lair: D:8-11         Orc: D:9-12

Altars:
Ashenzari
Cheibriados
Gozag
Kikubaaqudgha
Nemelex Xobeh
Okawaru
Qazlal
Ru
Uskayaw
Xom
Yredelemnul
Zin
The Shining One


Innate Abilities, Weirdness & Mutations

You reflexively headbutt those who attack you in melee.
You have a pair of horns on your head.


Message History

The troll bites you!
* * * LOW HITPOINT WARNING * * *
The troll claws you!
* * * LOW HITPOINT WARNING * * *
The troll misses you.
Things that are here:
an uncursed shortbow; 28 arrows; a centaur corpse You feel a strong urge to attack something.
The orc priest calls down the wrath of Beogh upon you.
Pain shoots through your body!
* * * LOW HITPOINT WARNING * * *
The orc warrior barely misses you.
You barely miss the troll. Your headbutt misses the troll.
The troll is heavily wounded.
The troll completely misses you. The troll claws you!
* * * LOW HITPOINT WARNING * * *
The troll misses you.
The orc priest mumbles some strange prayers to Beogh against you.
Beogh smites you!
You die...

#..........#
#..........#
#..........#
+..........#
#..........#
#..........#
#..........#
#####'######
#(@#####
##Too..###
##'o....#
#...........#
..>T....._..#
.o..........#
............#
...........##
#########+##


You could see a troll, an orc warrior, an orc priest and an orc.

Vanquished Creatures
  Sigmund (D:2)
  Edmund (D:5)
  Purgy (Sewer)
  A sky beast (D:8)
  2 ice beasts
  An orc warrior (D:8)
  2 phantoms (D:7)
  5 ogres
  A black bear (D:5)
  The ghost of octopodefightclub the Cudgeler, an amateur DsGl (D:6)
  The ghost of spacecaptainspiff the Skirmisher, an amateur DsFi of Jiyva (D:3)
  3 centaurs
  4 scorpions
  An electric eel (D:8)
  2 bullfrog zombies
  2 crimson imps
  3 centaur skeletons
  3 orc priests
  A bullfrog skeleton (D:4)
  8 orc wizards
  Ijyb (D:5)
  5 worker ants
  A hound zombie (D:8)
  7 adders
  A shadow imp (D:4)
  3 oozes
  2 adder zombies
  3 adder skeletons
  6 worms
  4 dart slugs
  4 leopard geckos
  24 orcs
  2 bat zombies (D:8)
  11 giant cockroaches
  6 hobgoblins
  18 jackals
  12 kobolds
  4 quokkas
  2 ball pythons
  7 bats
  8 frilled lizards
  2 goblins
  A jackal skeleton (D:3)
  A quokka skeleton (D:4)
  A quokka zombie (D:5)
  8 rats
  A rat zombie (D:8)
  A fungus (D:4)
190 creatures vanquished.

Notes
Turn   | Place    | Note
-------+----------+-------------------------------------------
     0 | D:1      | b5mith the Minotaur Berserker began the quest for the Orb.
     0 | D:1      | Reached XP level 1. HP: 19/19 MP: 0/0
   323 | D:1      | Reached XP level 2. HP: 27/27 MP: 1/1
   915 | D:2      | Reached XP level 3. HP: 33/33 MP: 2/2
  1000 | D:2      | Noticed Sigmund
  1016 | D:2      | Killed Sigmund
  1016 | D:2      | Reached XP level 4. HP: 33/41 MP: 3/3
  1016 | D:2      | Reached XP level 5. HP: 38/47 MP: 4/4
  1142 | D:2      | Reached ** piety under Trog
  1421 | D:3      | Noticed spacecaptainspiff's ghost (amateur DsFi)
  1429 | D:3      | Killed spacecaptainspiff's ghost
  1429 | D:3      | Reached skill level 5 in Fighting
  1429 | D:3      | Reached skill level 1 in Polearms
  1429 | D:3      | Reached XP level 6. HP: 31/56 MP: 5/5
  1800 | D:3      | Found a faded altar of an unknown god.
  1970 | D:3      | Found a sacrificial altar of Ru.
  2362 | D:4      | Reached *** piety under Trog
  2479 | D:4      | Found a staircase to the Ecumenical Temple.
  2632 | D:4      | Reached XP level 7. HP: 61/61 MP: 6/6
  2702 | D:4      | Found a glowing silver altar of Zin.
  2884 | D:5      | Entered Level 5 of the Dungeon
  2947 | D:5      | Noticed Ijyb
  2962 | D:5      | Killed Ijyb
  2992 | D:5      | Noticed Edmund
  3007 | D:5      | Killed Edmund
  3007 | D:5      | Reached skill level 5 in Armour
  3359 | D:5      | Found a sparkling altar of Nemelex Xobeh.
  3513 | D:5      | Reached skill level 5 in Dodging
  3572 | D:6      | Reached **** piety under Trog
  3590 | D:6      | Found a glowing golden altar of the Shining One.
  3628 | D:6      | Reached XP level 8. HP: 55/70 MP: 7/7
  3714 | D:6      | Found a shimmering altar of Xom.
  3767 | D:6      | Noticed octopodefightclub's ghost (amateur DsGl)
  3790 | D:6      | Killed octopodefightclub's ghost
  4022 | D:6      | Found a glowing drain.
  4035 | Sewer    | Entered a sewer
  4114 | Sewer    | Noticed Purgy
  4120 | Sewer    | Killed Purgy
  4219 | D:7      | Reached skill level 5 in Polearms
  4340 | D:7      | Found a stormy altar of Qazlal.
  4420 | D:7      | Found a shattered altar of Ashenzari.
  4420 | D:7      | Found a snail-covered altar of Cheibriados.
  4600 | D:7      | Reached ***** piety under Trog
  4672 | D:8      | Reached XP level 9. HP: 79/79 MP: 8/8
  4686 | D:8      | Received a gift from Trog
  5030 | D:8      | Found a hide-covered altar of Uskayaw.
  5062 | D:8      | Found an ancient bone altar of Kikubaaqudgha.
  5123 | D:8      | Found a basalt altar of Yredelemnul.
  5397 | D:8      | Found an iron altar of Okawaru.
  5603 | D:9      | Found an opulent altar of Gozag.
  5607 | D:9      | Noticed a troll
  5620 | D:9      | HP: 5/123 [troll (8)]
  5620 | D:9      | Killed from afar by an orc priest

Vault maps used:
D:1:      dpeg_chamrin_arrival_tetris, grunt_decor_arrowhead
D:2:      first_ration, serial_bayou_pond_e, grunt_decor_cap, uniq_sigmund
D:3:      nicolae_ru_sacrificial_ziggurat, chequers_ecumenical_altar_simple
D:4:      kennysheep_little_box, minmay_temple_entry_statues_pillars,
          minmay_gold_behind_fungi
D:5:      nemelex_altar_shiori, uniq_edmund, uniq_ijyb
D:6:      kennysheep_mini, nicolae_tso_swordbearing_angel, gup_sewer_entry_pipe
D:7:      nicolae_overflow_crystal_walls,
          chequers_temple_overflow_statue_of_worship
D:8:      marbit_many_paths, lemuel_zombie_altar_kikubaaqudgha,
          lemuel_doored_altar, okawaru_metal_pillars_1_2, minivault_4
D:9:      makhleb_altar_promises_db, minmay_orc_entry_temple_small, basic_altar
Sewer:    kennysheep_door_sewer

Skill      XL: |  1  2  3  4  5  6  7  8  9 |
---------------+----------------------------+-----
Fighting       | 4 5 6 7 8 |  8.5
Long Blades    | 4 |  4.7
Armour         | 3 4 5 7 8 |  8.1
Slings         | 2 3 4 |  4.0
Dodging        | 3 4 5 6 7 |  7.3
Polearms       | 1 2 3 5 6 |  6.8

Action                   |  1- 3 |  4- 6 |  7- 9 || total
-------------------------+-------+-------+-------++-------
Melee: Falchion          |    48 |     5 |       ||    53
       Headbutt          |     9 |    14 |    35 ||    58
       Scythe            |       |    78 |   223 ||   301
 Fire: Hunting sling     |    18 |    46 |     3 ||    67
Throw: Tomahawk          |     2 |       |       ||     2
Invok: Berserk           |     1 |     1 |     2 ||     4
  Use: Scroll            |       |       |     5 ||     5
       Potion            |       |       |     1 ||     1
  Eat: Chunk             |       |     7 |    11 ||    18
Armor: Scale mail        |    24 |    64 |    33 ||   121
       Ring mail         |       |       |   102 ||   102
Dodge: Dodged            |    33 |    76 |   175 ||   284
       Rpst.: Falchion   |     2 |     1 |       ||     3

Table legend:
 A = Spawn XP
 B = Non-spawn XP
 C = Spawn XP percentage of total XP
 D = Spawn monster count
 E = Non-spawn monster count
 F = Spawn count percentage of total count
 G = Total turns spent on level
                    A         B        C        D         E        F      G
               +---------+---------+-------+---------+---------+-------+---------
         Total |       0 |    4350 |   0.0 |       0 |     189 |   0.0 |  5620
               +---------+---------+-------+---------+---------+-------+---------
           D:1 |       0 |      20 |   0.0 |       0 |      13 |   0.0 |   761
           D:2 |       0 |     329 |   0.0 |       0 |      30 |   0.0 |   662
           D:3 |       0 |     171 |   0.0 |       0 |      27 |   0.0 |   776
           D:4 |       0 |     259 |   0.0 |       0 |      23 |   0.0 |   685
           D:5 |       0 |     585 |   0.0 |       0 |      21 |   0.0 |   685
           D:6 |       0 |     669 |   0.0 |       0 |      23 |   0.0 |   499
           D:7 |       0 |     588 |   0.0 |       0 |      13 |   0.0 |   462
           D:8 |       0 |    1342 |   0.0 |       0 |      31 |   0.0 |   917
           D:9 |       0 |     239 |   0.0 |       0 |       2 |   0.0 |    33
         Sewer |       0 |     148 |   0.0 |       0 |       6 |   0.0 |   140
               +---------+---------+-------+---------+---------+-------+---------
